 Dungeon Crawl Stone Soup version 0.27-a0-828-g8289197e94 (webtiles) character file.

Game seed: 15799943694612057365

660637 rageheart7 the Acrobat (level 27, -7/224 HPs)
             Began as a Merfolk Fighter on Mar 30, 2021.
             Was the Champion of Okawaru.
             Mangled by a shard shrike (18 damage)
             ... created by the effects of Hell
             ... on level 7 of Cocytus.
             The game lasted 03:28:11 (72969 turns).

rageheart7 the Acrobat (Merfolk Fighter)           Turns: 72969, Time: 03:28:12

Health: -7/224     AC: 35    Str: 30    XL:     27
Magic:  34/34      EV: 29    Int:  8    God:    Okawaru [******]
Gold:   1104       SH: 26    Dex: 24    Spells: 13/26 levels left

rFire    + . .     SeeInvis .   f - +9 demon trident (pain)
rCold    + + .     Faith    .   W - +2 kite shield {AC+3}
rNeg     . . .     Spirit   .   G - +4 chain mail of Autumn {rElec Str+3 Int+2}
rPois    .         Reflect  +   c - +3 hat of Coogec {Will+ Slay+2}
rElec    +         Harm     .   T - +2 cloak {rCorr}
rCorr    +         Rampage  .   l - +3 pair of gauntlets of War {Slay+5}
Will     ++++.                  h - +2 pair of boots {Fly}
Stlth    +.........             b - amulet of Duclupn {Reflect rF+ rC++ Dex+5 SH+5}
HPRegen  0.47/turn              x - +4 ring of slaying
MPRegen  0.24/turn              D - ring of the Seven Ziggurats {rElec Will+ Int-3 Dex+5 Stlth+}

@: flying, studying Summonings
A: (nimble swimmer 2), mertail, mutation resistance 1, sturdy frame 1
}: 4/15 runes: decaying, serpentine, slimy, silver
a: Renounce Religion, Heroism, Finesse


You were on level 7 of Cocytus.
You worshipped Okawaru.
Okawaru was exalted by your worship.
You visited 12 branches of the dungeon, and saw 58 of its levels.
You visited the Abyss 1 time.
You visited 1 bazaar.
You also visited: Ossuary and Ice Cave.

You collected 6386 gold pieces.
You spent 5282 gold pieces at shops.

Inventory:

Hand Weapons
 f - a +9 demon trident of pain (weapon)
 r - a +3 bardiche of distortion
 F - the +7 lajatang of Order {silver, rMut}
   (You took it off a tengu reaver on level 5 of the Vaults)

   It protects you from mutation.
Missiles
 g - 40 boomerangs
 i - 8 boomerangs of dispersal
 u - 5 throwing nets
 C - 60 javelins (quivered)
 S - 20 silver javelins
Armour
 c - the +3 hat of Coogec (worn) {Will+ Slay+2}
   (Okawaru gifted it to you on level 1 of the Orcish Mines)

   It affects your accuracy and damage with ranged weapons and melee attacks
   (+2).
   It increases your willpower.
 d - a +2 cloak of willpower
 e - a +4 plate armour of positive energy
 h - a +2 pair of boots of flying (worn)
 l - the +3 pair of gauntlets of War (worn) {Slay+5}
   (Okawaru gifted it to you on level 4 of the Depths)

   It affects your accuracy and damage with ranged weapons and melee attacks
   (+5).
 G - the +4 chain mail of Autumn (worn) {rElec Str+3 Int+2}
   (Okawaru gifted it to you on level 2 of the Lair of Beasts)

   It affects your strength (+3).
   It affects your intelligence (+2).
   It insulates you from electricity.
 T - a +2 cloak of preservation (worn)
 W - a +2 kite shield of protection (worn)
 X - the +2 ratskin cloak {*Rats rPois rN+ Str-1 Int-1 Dex+1}
   (You bought it in a shop on level 2 of the Orcish Mines)

   It affects your strength (-1).
   It affects your intelligence (-1).
   It affects your dexterity (+1).
   It protects you from poison.
   It protects you from negative energy.
Jewellery
 b - the amulet of Duclupn (around neck) {Reflect rF+ rC++ Dex+5 SH+5}
   (You found it on level 5 of the Pits of Slime)

   [amulet of reflection]

   It reflects blocked missile attacks.
   It affects your dexterity (+5).
   It protects you from fire.
   It greatly protects you from cold.
   It affects your SH (+5).
 x - a +4 ring of slaying (left hand)
 D - the ring of the Seven Ziggurats (right hand) {rElec Will+ Int-3 Dex+5 Stlth+}
   (You found it on level 1 of the Lair of Beasts)

   [ring of willpower]

   It affects your intelligence (-3).
   It affects your dexterity (+5).
   It insulates you from electricity.
   It increases your willpower.
   It makes you more stealthy.
 E - the amulet "Xoejomm" {Faith rF+ rC++ rN+}
   (You bought it in a shop on level 1 of the Snake Pit)

   [amulet of faith]

   It allows you to gain divine favour quickly.
   It protects you from fire.
   It greatly protects you from cold.
   It protects you from negative energy.
 H - an amulet of regeneration
Wands
 I - a wand of digging (24)
 U - a wand of acid (7)
Scrolls
 n - 20 scrolls of teleportation
 t - 11 scrolls of magic mapping
 y - 9 scrolls of enchant weapon
 z - a scroll of summoning
 J - 2 scrolls of fear
 K - a scroll of blinking
 L - 4 scrolls of fog
 M - 6 scrolls of enchant armour
Potions
 a - 6 potions of curing
 o - 5 potions of ambrosia
 p - 4 potions of resistance
 q - a potion of invisibility
 w - 14 potions of brilliance
 B - 7 potions of might
 P - 4 potions of mutation
 R - 2 potions of haste
 Y - a potion of magic
 Z - a potion of berserk rage
Miscellaneous
 A - a phantom mirror
 O - a phantom mirror
 V - a phantom mirror


   Skills:
 - Level 20.0 Fighting
 - Level 14.0 Polearms
 - Level 16.0 Throwing
 - Level 15.0 Armour
 * Level 24.4 Dodging
 + Level 23.7 Shields
 - Level 8.2 Summonings
 - Level 20.0 Necromancy
 - Level 15.0 Invocations


You had 13 spell levels left.
You knew the following spells:

 Your Spells              Type           Power      Damage    Failure   Level
a - Agony                 Necr           32%        N/A       1%          5
b - Animate Dead          Necr           16%        N/A       1%          4
c - Animate Armour        Summ/Erth      12%        N/A       88%         4

Your spell library contained the following spells:

 Spells                   Type           Power      Damage    Failure   Level
 Animate Skeleton         Necr           64%        N/A       1%          1
 Pain                     Necr           100%       1d9       1%          1
 Vampiric Draining        Necr           16%        2d8       1%          3
 Corpse Rot               Necr/Air       N/A        N/A       2%          2
 Summon Small Mammal      Summ           52%        N/A       3%          1
 Call Imp                 Summ           13%        N/A       5%          2
 Apportation              Tloc           0%         N/A       71%         1
 Corona                   Hex            0%         N/A       71%         1
 Foxfire                  Conj/Fire      0%         2x1d4     71%         1
 Magic Dart               Conj           0%         1d3       71%         1
 Shock                    Conj/Air       0%         1d3       71%         1
 Blink                    Tloc           N/A        N/A       83%         2
 Ensorcelled Hibernation  Hex/Ice        0%         N/A       83%         2
 Passwall                 Tmut/Erth      0%         N/A       83%         2
 Poisonous Vapours        Pois/Air       0%         N/A       83%         2
 Searing Ray              Conj           0%         3d3       83%         2
 Slow                     Hex            0%         N/A       83%         2
 Swiftness                Air            0%         N/A       83%         2
 Summon Lightning Spire   Summ/Air       6%         N/A       88%         4
 Simulacrum               Ice/Necr       8%         N/A       95%         6
 Confusing Touch          Hex            0%         N/A       97%         3
 Conjure Flame            Conj/Fire      0%         6-21      97%         3
 Dazzling Flash           Conj/Hex       0%         N/A       97%         3
 Gell's Gravitas          Tloc           0%         N/A       97%         3
 Ignite Poison            Fire/Tmut/Pois 0%         N/A       97%         3
 Inner Flame              Hex/Fire       0%         N/A       97%         3
 Lesser Beckoning         Tloc           0%         N/A       97%         3
 Mephitic Cloud           Conj/Pois/Air  0%         N/A       97%         3
 Ozocubu's Armour         Ice            0%         N/A       97%         3
 Portal Projectile        Hex/Tloc       0%         N/A       97%         3
 Static Discharge         Conj/Air       0%         N/A       97%         3
 Teleport Other           Tloc           0%         N/A       97%         3
 Tukima's Dance           Hex            0%         N/A       97%         3
 Summon Mana Viper        Hex/Summ       6%         N/A       99%         5
 Airstrike                Air            0%         N/A       100%        4
 Cause Fear               Hex            0%         N/A       100%        4
 Fulminant Prism          Conj/Hex       0%         3d6       100%        4
 Ice Form                 Ice/Tmut       0%         N/A       100%        4
 Iskenderun's Mystic Bla  Conj/Tloc      0%         2d3       100%        4
 Leda's Liquefaction      Hex/Erth       0%         N/A       100%        4
 Passage of Golubria      Tloc           N/A        N/A       100%        4
 Sticky Flame             Conj/Fire      0%         2d3       100%        4
 Alistair's Intoxication  Tmut/Pois      0%         N/A       100%        5
 Bolt of Magma            Conj/Fire/Erth 0%         4d4       100%        5
 Fireball                 Conj/Fire      0%         3d3       100%        5
 Iskenderun's Battlesphe  Conj           0%         2d6       100%        5
 Lee's Rapid Deconstruct  Erth           0%         3d5*      100%        5
 Lightning Bolt           Conj/Air       0%         1d11      100%        5
 Manifold Assault         Tloc           0%         N/A       100%        5
 Metabolic Englaciation   Hex/Ice        0%         N/A       100%        5
 Silence                  Hex/Air        0%         N/A       100%        5
 Conjure Ball Lightning   Conj/Air       0%         3x3d6     100%        6
 Eringya's Noxious Bog    Tmut/Pois      0%         N/A       100%        6
 Freezing Cloud           Conj/Ice/Air   0%         6-21      100%        6
 Invisibility             Hex            0%         N/A       100%        6
 Iron Shot                Conj/Erth      0%         9d1       100%        6
 Starburst                Conj/Fire      0%         8x6d3     100%        6
 Statue Form              Tmut/Erth      0%         N/A       100%        6
 Orb of Destruction       Conj           0%         N/A       100%        7
 Spellforged Servitor     Conj/Summ      3%         N/A       100%        7
 Chain Lightning          Conj/Air       0%         N/A       100%        8
 Ignition                 Fire           0%         3d3       100%        8
 Lehudib's Crystal Spear  Conj/Erth      0%         10d2      100%        8
 Absolute Zero            Ice            0%         ∞         100%        9
 Fire Storm               Conj/Fire      0%         5d1       100%        9
 Shatter                  Erth           0%         3d5*      100%        9
 Tornado                  Air            0%         N/A       100%        9


Dungeon Overview and Level Annotations

Branches:
Dungeon (15/15)            Temple (1/1) D:4            Lair (6/6) D:8
  Swamp (4/4) Lair:3        Snake (4/4) Lair:2        Slime (5/5) Lair:5
    Orc (2/2) D:9             Elf (3/3) Orc:2        Vaults (5/5) D:13
  Crypt (0/3) Vaults:2     Depths (5/5) D:15           Hell (visited)
    Dis (0/7) Hell            Geh (0/7) Hell            Coc (7/7) Hell
    Tar (0/7) Hell            Zot (0/5) Depths:5    Ossuary (visited)
  IceCv (visited)

Altars:
Ashenzari
Fedhas
Kikubaaqudgha
Nemelex Xobeh
Okawaru
Qazlal
Ru
Sif Muna
Trog
Vehumet
Wu Jian
Yredelemnul
Beogh
Jiyva

Shops:
Orc:2 [=(*   Elf:1 !   Elf:2 [   Snake:1 (==:   Snake:2 [   Snake:3 :
Depths:2 *   Depths:4 (

Portals:
Hell: Depths:1 Depths:2 Depths:3 Depths:4 Depths:5
Abyss: Depths:1 Depths:4 Depths:5
Pandemonium: Depths:2 Depths:3 Depths:5
Ziggurat: Depths:4

Annotations:
D:8 3 runed translucent doors, robertstho's ghost, novice MiHu


Innate Abilities, Weirdness & Mutations

((You are quick and stealthy near water. (Stealth+, EV+, Speed+++)))
Your lower body shifts to a powerful aquatic tail in water.
You are somewhat resistant to further mutation.
Your movements are slightly less encumbered by armour. (ER -2)


Message History

You now have 1014 gold pieces (gained 40).
You now have 1054 gold pieces (gained 40).
Your resistance to elements expires.
You now have 1080 gold pieces (gained 26).
You now have 1104 gold pieces (gained 24).
You shiver with fear.
A shard shrike comes into view.
The shard shrike screeches!
You hear a shout!
You see here 38 gold pieces.
You miss the shard shrike. You block the shard shrike's attack.
A blizzard demon comes into view.
You puncture the shard shrike!
The shard shrike writhes in agony.
The shard shrike is lightly wounded.
You block the shard shrike's attack.
Reach: f) +9 demon trident (pain)
Press: ? - help, Dir - move target, f - shard shrike
Aim: a shard shrike (lightly wounded, about 29% to evade your +9 demon trident of pain)
You puncture the shard shrike!
The shard shrike writhes in agony.
The shard shrike is lightly wounded.
The shard shrike claws you but does no damage.
Reach: f) +9 demon trident (pain)
Press: ? - help, Dir - move target, f/p - shard shrike
Aim: a shard shrike (lightly wounded, about 29% to evade your +9 demon trident of pain)
You completely miss the shard shrike.
The shard shrike is lightly wounded.
You block the shard shrike's attack.
Reach: f) +9 demon trident (pain)
Press: ? - help, Dir - move target, f/p - shard shrike
Aim: a shard shrike (lightly wounded, about 29% to evade your +9 demon trident of pain)
You perforate the shard shrike like a sieve!!!
The shard shrike writhes in agony.
The shard shrike is heavily wounded.
The shard shrike claws you.
* * * LOW HITPOINT WARNING * * *
The shard shrike freezes you!! You resist.
* * * LOW HITPOINT WARNING * * *
The shard shrike claws you!
* * * LOW HITPOINT WARNING * * *
The shard shrike freezes you!! You resist.
You die...

...≈≈≈≈≈≈≈≈ ...≈≈≈≈≈≈≈≈≈
.≈≈≈≈≈≈≈≈≈≈≈≈ ..≈≈≈≈≈≈≈≈≈≈≈≈
≈≈≈≈≈.. ...≈≈≈≈≈≈≈≈≈≈≈≈≈
≈≈≈≈... #######..≈≈≈≈≈≈≈≈≈≈≈≈≈
≈≈≈....##...b@$...2≈≈≈≈≈≈≈≈≈≈≈
≈≈≈≈...#..)}$$$.#..≈≈≈≈≈≈≈≈≈≈≈
≈≈≈≈≈..#..$$$$$##..≈≈≈≈≈≈≈≈≈≈≈
≈≈≈≈≈≈.#.#######..≈≈≈≈≈≈≈≈≈≈≈≈
≈≈≈≈≈.≈...≈≈≈....≈≈≈§≈≈≈≈≈≈≈≈≈
≈≈≈≈≈≈≈..≈≈≈≈≈.≈...≈☼§§≈≈≈≈≈≈≈
≈≈≈≈≈≈≈≈.≈≈≈≈≈≈≈≈≈..☼○○○○○D≈≈≈
≈≈≈≈≈≈≈≈.≈≈≈≈≈≈≈≈≈≈≈§☼§≈≈≈≈≈≈≈
≈≈≈≈≈≈≈≈.≈≈≈≈≈≈≈≈≈≈≈≈≈≈≈≈≈≈≈≈≈


You could see a shard shrike and a blizzard demon.

Vanquished Creatures
  the Royal Jelly (Slime:5)
  the Serpent of Hell (Coc:7)
  A dread lich (Vaults:5)
  4 juggernauts
  Frederick (Vaults:4)
  8 shard shrikes
  Vashnia (Snake:4)
  4 caustic shrikes (Depths:5)
  Geryon (Hell)
  3 golden dragons
  2 bone dragons
  4 Ice Fiends
  Rupert (Lair:4)
  Jorgrun (Orc:1)
  9 titans
  3 tentacled monstrosities (Vaults:5)
  2 liches
  3 deep elf master archers (Elf:3)
  A deep elf blademaster (Elf:2)
  14 acid blobs
  2 sphinxes (Depths:4)
  4 quicksilver dragons (Depths:4)
  2 thorn hunters
  8 shadow dragons
  Kirke (Snake:1)
  12 tengu reavers
  Roxanne (Snake:1)
  A draconian monk (Depths:5)
  3 storm dragons
  8 azure jellies
  2 fenstrider witches
  14 rockslimes
  6 iron dragons
  7 deep elf sorcerers
  A draconian knight (Depths:5)
  8 frost giants
  10 nagarajas
  11 fire giants
  Aizul (Snake:1)
  Louise (Swamp:1)
  A balrug (Hell)
  17 vault wardens
  A juggernaut zombie (Depths:3)
  3 orc warlords
  2 deep elf elementalists (Elf:3)
  38 very ugly things
  2 elemental wellsprings
  A spriggan defender (Depths:2)
  11 quicksilver oozes
  7 war gargoyles
  A green draconian (Depths:5)
  7 reapers
  26 ironbound preservers
  19 stone giants
  4 vampire knights
  2 purple draconians (Depths:5)
  9 deep elf demonologists (Elf:3)
  2 red draconians (Depths:5)
  A lorocyproca (Depths:2)
  5 dire elephants
  3 yellow draconians (Depths:5)
  A bunyip (Swamp:4)
  Azrael (D:13)
  18 spark wasps
  3 deep elf annihilators
  3 entropy weavers
  The ghost of Asceticacid the Cleaver, a journeyman DsBe of Trog (Orc:2)
  An eidolon (Abyss:3)
  8 blizzard demons
  8 ettins
  2 salamander tyrants (Snake:2)
  A merfolk javelineer (Depths:1)
  3 merfolk impalers (Depths:4)
  4 eleionomae
  5 crystal guardians
  2 quicksilver dragon zombies
  7 deep elf death magi
  7 deep elf high priests
  8 jiangshi
  4 fire dragons
  16 great orbs of eyes
  17 ice dragons
  18 yaktaur captains
  35 vault guards
  A caustic shrike simulacrum (Depths:3)
  9 ironbound thunderhulks
  A shambling mangrove (Swamp:2)
  2 quicksilver dragon skeletons
  2 kraken zombies
  3 peacekeepers
  3 ogre magi
  18 hydras
  3 rakshasas
  9 spriggan air magi
  An ice dragon (shapeshifter) (Vaults:4)
  5 boulder beetles
  15 naga warriors
  9 anacondas
  8 ironbound frosthearts
  10 centaur warriors
  3 ghost crabs
  A two-headed ogre (shapeshifter) (Depths:4)
  4 hell beasts
  A death knight (D:15)
  34 dancing weapons
  7 death yaks
  9 alligators
  8 deep troll earth magi
  8 two-headed ogres
  5 tengu warriors
  3 vampire magi
  4 hell hogs
  4 spriggan berserkers
  2 titan zombies
  2 orc high priests
  7 deep troll shamans
  7 shock serpents
  10 hell knights
  4 ironbound beastmasters
  Urug (Lair:5)
  5 soul eaters
  12 deep elf knights
  13 naga sharpshooters
  4 sun demons (Hell)
  A salamander mystic (Snake:4)
  A sixfirhy (Abyss:3)
  A wretched star (Abyss:3)
  A golden dragon zombie (Depths:3)
  3 iron trolls
  A spatial maelstrom (Abyss:3)
  A deep troll (shapeshifter) (D:15)
  2 storm dragon skeletons
  2 storm dragon zombies
  12 skeletal warriors
  4 spriggan druids
  4 flayed ghosts
  6 anaconda zombies
  8 bog bodies
  2 starcursed masses (Abyss:3)
  4 spectral hydras (Swamp:4)
  2 goliath frogs
  A shadow dragon zombie (Coc:4)
  12 deep elf archers
  A swamp dragon (shapeshifter) (Elf:1)
  A spark wasp zombie (Depths:3)
  18 ironbound convokers
  3 golden dragon skeletons (Coc:7)
  An anaconda skeleton (Coc:5)
  7 naga ritualists
  2 lindwurms
  A kraken simulacrum (Coc:1)
  A glowing orange brain (Depths:2)
  2 quicksilver dragon simulacra
  65 deep trolls
  13 wizards
  11 orc knights
  16 harpies
  22 deep elf zephyrmancers
  An orange crystal statue (Depths:4)
  2 swamp dragons
  5 necromancers
  A shadow dragon skeleton (Depths:1)
  8 phantasmal warriors
  6 will-o-the-wisps
  A frost giant zombie (Coc:7)
  32 deep elf pyromancers
  4 shining eyes
  61 ugly things
  4 orc sorcerers
  5 iron dragon zombies
  A wolf spider zombie (Coc:4)
  4 oklob plants (Lair:6)
  21 salamanders
  14 mana vipers
  7 cyclopes
  116 slime creatures
  4 manticores
  A shock serpent zombie (Coc:1)
  3 iron dragon skeletons
  A dire elephant zombie (Coc:7)
  7 elephants
  6 rust devils (Hell)
  35 black mambas
  3 guardian serpents (Snake:3)
  22 naga magi
  A stone giant skeleton (Hell)
  21 vault sentinels
  2 large abominations (Abyss:3)
  8 molten gargoyles
  5 frost giant skeletons
  2 eyes of devastation
  A torpor snail (shapeshifter) (Depths:5)
  A gargoyle (D:10)
  A dire elephant skeleton (Coc:4)
  5 smoke demons
  A spriggan zombie (Depths:3)
  15 cane toads
  2 ice statues
  A kobold demonologist (D:10)
  52 yaktaurs
  17 komodo dragons
  An unseen horror (D:13)
  A rime drake (Lair:2)
  19 freezing wraiths
  2 tormentors
  A hellion (Hell)
  4 swamp worm zombies (Swamp:4)
  2 efreet (D:15)
  A harpy zombie (Coc:1)
  A red devil (Depths:2)
  8 ice devils
  5 tengu conjurers
  3 meliai
  10 trolls
  15 hydra zombies
  7 tyrant leeches
  A bloated husk (Swamp:4)
  A jumping spider (Vaults:4)
  6 hornets
  23 polar bears
  A sphinx simulacrum (Depths:1)
  3 hydra skeletons
  9 alligator zombies
  13 blink frogs
  2 spectral swamp dragons (Swamp:4)
  A fire dragon zombie (Coc:7)
  6 dream sheep
  A dream sheep (shapeshifter) (Depths:5)
  3 ettin zombies
  26 flying skulls
  An ettin skeleton (Coc:7)
  A centaur simulacrum (D:13)
  4 shadows
  An air elemental (Elf:2)
  3 redbacks
  A spriggan (shapeshifter) (Vaults:5)
  11 spriggans
  27 water elementals
  A black mamba zombie (Coc:7)
  A tarantella (shapeshifter) (Vaults:5)
  10 wraiths
  3 ice dragon skeletons
  3 hogs
  An alligator skeleton (Hell)
  44 yaks
  5 wyverns
  20 golden eyes
  9 basilisks
  A steam dragon (Lair:6)
  A chaos spawn (Depths:2)
  3 fire elementals
  A warg (Orc:2)
  11 vampire mosquitoes
  4 spatial vortices (Abyss:3)
  A merfolk zombie (Coc:3)
  An acid dragon (D:11)
  20 swamp worms
  2 hydra simulacra
  23 water moccasins
  Duvessa (D:7)
  64 nagas
  A swamp drake (Swamp:1)
  7 cane toad zombies
  7 hell hounds
  35 orc warriors
  A hornet zombie (D:7)
  9 ice beasts
  2 alligator simulacra
  A snapping turtle zombie (Coc:7)
  3 cane toad skeletons
  3 sky beasts
  An ice dragon simulacrum (Coc:1)
  17 ogres
  11 black bears
  5 swamp dragon zombies
  4 necrophages
  A boggart (Vaults:1)
  10 centaurs
  22 wolves
  4 phantoms (Swamp:4)
  7 kobold brigands
  An elf zombie (Ossuary)
  11 bullfrogs
  3 scorpions
  5 gnoll sergeants
  Dowan (D:7)
  A cane toad simulacrum (Coc:4)
  A wyvern skeleton (D:7)
  A human simulacrum (Depths:3)
  A small abomination (Abyss:3)
  A water moccasin zombie (D:6)
  3 killer bees (D:9)
  A water moccasin skeleton (D:3)
  A snapping turtle simulacrum (Hell)
  A spriggan skeleton (Coc:5)
  18 wights
  4 howler monkeys
  4 electric eels
  6 centaur zombies
  5 lava snakes (Lair:6)
  A bullfrog skeleton (D:5)
  4 hounds
  A jelly (D:5)
  A human zombie (Ossuary)
  A gnoll shaman (D:10)
  17 orc priests
  Crazy Yiuf (D:3)
  6 centaur skeletons
  Natasha (thrice) (D:3)
  An iguana (D:7)
  31 orc wizards
  A spectral swamp drake (Swamp:4)
  A hell rat (Lair:6)
  2 hound skeletons
  2 mummies (Ossuary)
  A howler monkey zombie (D:8)
  A swamp drake zombie (Swamp:4)
  25 gnolls
  13 adders
  11 white imps
  2 adder zombies (Ossuary)
  5 worms
  2 dart slugs
  110 orcs
  8 ball pythons
  4 endoplasms
  2 giant cockroaches
  5 goblins
  7 hobgoblins
  11 jackals
  2 quokkas
  3 bats
  4 frilled lizards
  A goblin zombie (Ossuary)
  10 hobgoblin zombies (Ossuary)
  A jackal zombie (Ossuary)
  16 kobolds
  9 kobold zombies (Ossuary)
  10 orc zombies (Ossuary)
  7 rats
  A briar patch (Swamp:4)
  A lurking horror (Abyss:3)
  2 tentacles (Hell)
2524 creatures vanquished.

Vanquished Creatures (collateral kills)
  A naga sharpshooter (Snake:4)
  A naga ritualist (Snake:4)
  A mana viper (Snake:4)
  A black mamba (Snake:4)
4 creatures vanquished.

Vanquished Creatures (others)
  A blizzard demon (Coc:7)
  A yaktaur captain (Vaults:5)
  A deep elf pyromancer (D:15)
  A polar bear (IceCv)
  A bloated husk (Swamp:4)
  A flying skull (Coc:7)
  A water elemental (Depths:1)
  A human (Snake:1)
  A phantom (Swamp:4)
  An orc wizard (D:13)
  An adder (D:4)
  A white imp (Coc:7)
  An orc (Orc:1)
  A quokka (D:4)
  22 foxfires
  36 fungi
  88 plants
  7 tentacles
167 creatures vanquished.

Grand Total: 2695 creatures vanquished

Notes
Turn   | Place    | Note
-------+----------+-------------------------------------------
     0 | D:1      | rageheart7 the Merfolk Fighter began the quest for the Orb.
     0 | D:1      | Reached XP level 1. HP: 18/18 MP: 1/1
   112 | D:1      | Reached XP level 2. HP: 14/24 MP: 2/2
   959 | D:2      | Reached XP level 3. HP: 30/30 MP: 3/3
  1056 | D:2      | Found an ornate altar of the Wu Jian Council.
  1207 | D:2      | Found an iron altar of Okawaru.
  1227 | D:2      | Became a worshipper of Warmaster Okawaru
  1584 | D:2      | Reached XP level 4. HP: 33/38 MP: 4/4
  1656 | D:2      | Found a basalt altar of Yredelemnul.
  1690 | D:2      | Reached skill level 5 in Polearms
  2095 | D:3      | Found a runed translucent door.
  2096 | D:3      | Noticed Crazy Yiuf
  2347 | D:3      | Reached skill level 5 in Fighting
  2347 | D:3      | Reached XP level 5. HP: 33/44 MP: 5/5
  2480 | D:3      | Noticed Natasha
  2490 | D:3      | Killed Natasha
  2557 | D:3      | Noticed Natasha
  2575 | D:3      | Killed Natasha
  2790 | D:3      | Noticed Natasha
  2800 | D:3      | Killed Natasha
  2800 | D:3      | Reached * piety under Okawaru
  2801 | D:3      | Reached XP level 6. HP: 38/51 MP: 6/6
  3154 | D:3      | Found a blossoming altar of Fedhas.
  3397 | D:3      | Killed Crazy Yiuf
  3857 | D:4      | Identified a scroll of acquirement
  3861 | D:4      | Acquired a +2 pair of boots of flying
  3875 | D:4      | Gained mutation: You have a pair of small antennae on your
                  | head. [potion of mutation]
  3875 | D:4      | Gained mutation: You are clumsy. (Dex -2) [potion of
                  | mutation]
  3875 | D:4      | Gained mutation: Your movements are slightly less
                  | encumbered by armour. (ER -2) [potion of mutation]
  3875 | D:4      | Gained mutation: Your muscles are strong. (Str +2) [potion
                  | of mutation]
  3921 | D:4      | Found a sand-covered staircase.
  3928 | Ossuary  | Entered an ossuary
  4165 | Ossuary  | Reached XP level 7. HP: 49/59 MP: 7/7
  4519 | D:4      | Reached ** piety under Okawaru
  4841 | D:4      | Found a shimmering blue altar of Sif Muna.
  4842 | D:4      | Found a stormy altar of Qazlal.
  4965 | D:4      | Found a staircase to the Ecumenical Temple.
  4985 | Temple   | Entered the Ecumenical Temple
  5016 | D:5      | Entered Level 5 of the Dungeon
  5153 | D:5      | Reached XP level 8. HP: 55/67 MP: 8/8
  5227 | D:5      | Reached skill level 1 in Throwing
  5454 | D:5      | Reached skill level 10 in Polearms
  5783 | D:5      | Reached *** piety under Okawaru
  5811 | D:5      | Found a sparkling altar of Nemelex Xobeh.
  5825 | D:5      | Found a sacrificial altar of Ru.
  6118 | D:6      | Reached XP level 9. HP: 75/75 MP: 9/9
  6950 | D:7      | Noticed Duvessa
  6958 | D:7      | Noticed Dowan
  7001 | D:7      | Killed Duvessa
  7001 | D:7      | Reached **** piety under Okawaru
  7023 | D:7      | Killed Dowan
  7046 | D:7      | Reached skill level 10 in Fighting
  7942 | D:8      | Reached skill level 5 in Throwing
  7942 | D:8      | Reached XP level 10. HP: 65/85 MP: 10/10
  8111 | D:8      | Noticed a cyclops
  8118 | D:8      | Killed a cyclops
  8118 | D:8      | Reached ***** piety under Okawaru
  8119 | D:8      | Reached skill level 1 in Invocations
  8176 | D:8      | Noticed a two-headed ogre
  8186 | D:8      | Killed a two-headed ogre
  8347 | D:8      | Received a gift from Okawaru
  8428 | D:8      | Found a staircase to the Lair.
  8461 | D:8      | Received a gift from Okawaru
  8609 | D:8      | Found a runed translucent gate.
  8609 | D:8      | Found a runed translucent gate.
  8614 | D:8      | Found a runed translucent gate.
  8637 | D:8      | Noticed a moth of wrath
  8640 | D:8      | Found a bloodstained altar of Trog.
  8698 | D:8      | Noticed robertstho's ghost (novice MiHu)
  9195 | D:9      | Found a staircase to the Orcish Mines.
  9240 | D:9      | Reached XP level 11. HP: 77/90 MP: 14/14
  9270 | D:9      | Reached skill level 5 in Invocations
  9278 | D:9      | Received a gift from Okawaru
  9476 | D:10     | Entered Level 10 of the Dungeon
 10031 | D:10     | Reached skill level 5 in Armour
 10321 | D:10     | Reached skill level 1 in Dodging
 10857 | D:11     | Noticed a purple ugly thing
 10868 | D:11     | Killed a purple ugly thing
 10869 | D:11     | Reached skill level 2 in Dodging
 10898 | D:11     | Noticed a two-headed ogre
 10908 | D:11     | Killed a two-headed ogre
 11071 | D:11     | Reached skill level 3 in Dodging
 11237 | D:11     | Noticed a boulder beetle
 11704 | D:11     | Killed a boulder beetle
 12070 | D:12     | Noticed a cyclops
 12074 | D:12     | Noticed a cyclops
 12079 | D:12     | Killed a cyclops
 12079 | D:12     | Received a gift from Okawaru
 12080 | D:12     | Reached skill level 4 in Dodging
 12084 | D:12     | Killed a cyclops
 12186 | D:12     | Noticed a red ugly thing
 12195 | D:12     | Killed a red ugly thing
 12196 | D:12     | Reached XP level 12. HP: 97/97 MP: 17/17
 12528 | D:12     | Reached skill level 5 in Dodging
 12780 | D:12     | Noticed a two-headed ogre
 12787 | D:12     | Killed a two-headed ogre
 13132 | D:12     | Identified the +6 war axe of Midsummer {vorpal, +Fly}
 13187 | D:13     | Reached skill level 6 in Dodging
 13315 | Lair:1   | Entered Level 1 of the Lair of Beasts
 13318 | Lair:1   | Noticed a five-headed hydra
 13336 | Lair:1   | Killed a five-headed hydra
 13336 | Lair:1   | Reached ****** piety under Okawaru
 13336 | Lair:1   | Received a gift from Okawaru
 13807 | Lair:1   | Reached skill level 7 in Dodging
 13828 | D:8      | Received a gift from Okawaru
 14130 | Lair:1   | Identified the ring of the Seven Ziggurats {rElec Will+
                  | Int-3 Dex+5 Stlth+}
 14833 | Lair:2   | Noticed a six-headed hydra
 14841 | Lair:2   | Killed a six-headed hydra
 14841 | Lair:2   | Identified the +4 chain mail of Autumn {rElec Str+3 Int+2}
                  | (Okawaru gifted it to you on level 2 of the Lair of Beasts)
 14841 | Lair:2   | Received a gift from Okawaru
 14842 | Lair:2   | Reached skill level 10 in Throwing
 14972 | Lair:2   | Noticed an eight-headed hydra
 14983 | Lair:2   | Killed an eight-headed hydra
 14984 | Lair:2   | Reached skill level 8 in Dodging
 14990 | Lair:2   | Reached XP level 13. HP: 60/103 MP: 18/20
 16243 | Lair:2   | Found a staircase to the Snake Pit.
 16255 | Lair:2   | Reached skill level 9 in Dodging
 16939 | Lair:3   | Reached skill level 10 in Invocations
 17730 | Lair:3   | Received a gift from Okawaru
 18075 | Lair:3   | Found a staircase to the Swamp.
 18691 | Lair:4   | Reached skill level 10 in Dodging
 18744 | Lair:4   | Noticed Rupert
 19107 | Lair:5   | Noticed Urug
 19116 | Lair:5   | Killed Urug
 19449 | Lair:5   | Received a gift from Okawaru
 19624 | Lair:5   | Found a viscous altar of Jiyva.
 19624 | Lair:5   | Found a staircase to the Slime Pits.
 19842 | Lair:6   | Entered Level 6 of the Lair of Beasts
 19853 | Lair:6   | Reached XP level 14. HP: 105/110 MP: 21/21
 20209 | Lair:6   | Reached skill level 11 in Dodging
 20295 | Lair:6   | Identified the +4 ring mail of Lethargy {rC+ Dex+3}
 21077 | Lair:6   | Found a large runed translucent door.
 21077 | Lair:6   | Found a large runed translucent door.
 21633 | Lair:6   | Reached skill level 1 in Summonings
 21855 | Lair:5   | Received a gift from Okawaru
 21856 | Lair:5   | Reached skill level 1 in Necromancy
 22024 | Lair:4   | Killed Rupert
 22169 | Lair:4   | Found a sacrificial altar of Ru.
 22339 | Lair:4   | Reached skill level 12 in Dodging
 22856 | D:13     | Reached skill level 5 in Summonings
 22866 | D:13     | Found a huge runed translucent gate.
 22869 | D:13     | Found a huge runed translucent gate.
 22869 | D:13     | Found a huge runed translucent gate.
 22869 | D:13     | Found a huge runed translucent gate.
 22994 | D:13     | Reached XP level 15. HP: 114/115 MP: 22/22
 23089 | D:13     | Noticed Azrael
 23103 | D:13     | Killed Azrael
 23136 | D:13     | Received a gift from Okawaru
 23410 | D:13     | Received a gift from Okawaru
 23610 | D:13     | Found a gate to the Vaults.
 23966 | D:13     | Found a broken altar of Ashenzari.
 24699 | Orc:1    | Entered Level 1 of the Orcish Mines
 24964 | Orc:2    | Entered Level 2 of the Orcish Mines
 25033 | Orc:2    | Found a large runed translucent door.
 25034 | Orc:2    | Found a large runed translucent door.
 25056 | Orc:2    | Noticed Asceticacid's ghost (journeyman DsBe)
 25203 | Orc:2    | Reached skill level 5 in Necromancy
 25203 | Orc:2    | Noticed an orc warlord
 25221 | Orc:2    | Killed an orc warlord
 25463 | Orc:2    | Found Sijulaem's Antique Weapon Boutique.
 25522 | Orc:2    | Found Zopp's Antique Armour Boutique.
 25534 | Orc:2    | Found Ikhol's Jewellery Boutique.
 25814 | Orc:2    | Found Cyplole's General Store.
 25846 | Orc:2    | Found a staircase to the Elven Halls.
 25908 | Orc:2    | Killed Asceticacid's ghost
 25919 | Orc:2    | Identified the +1 broad axe of Famine {drain, *Rage rElec
                  | SInv}
 25985 | Orc:2    | Bought a glowing kite shield for 202 gold pieces
 25985 | Orc:2    | Bought the +2 ratskin cloak {*Rats rPois rN+ Str-1 Int-1
                  | Dex+1} for 750 gold pieces
 25985 | Orc:2    | Found the +2 ratskin cloak {*Rats rPois rN+ Str-1 Int-1
                  | Dex+1}
 26035 | Orc:1    | Noticed Jorgrun
 26050 | Orc:1    | Killed Jorgrun
 26050 | Orc:1    | Identified the +3 hat of Coogec {Will+ Slay+2} (Okawaru
                  | gifted it to you on level 1 of the Orcish Mines)
 26050 | Orc:1    | Received a gift from Okawaru
 26263 | Orc:1    | Reached skill level 13 in Dodging
 26429 | Elf:1    | Entered Level 1 of the Elven Halls
 26453 | Elf:1    | Found a radiant altar of Vehumet.
 26477 | Elf:1    | Reached XP level 16. HP: 108/122 MP: 23/23
 27783 | Elf:1    | Found Imuina's Distillery.
 27829 | Elf:1    | Reached skill level 15 in Throwing
 28350 | Elf:2    | Identified the +2 hat "Jojipt" {+Blink rF+} (Okawaru gifted
                  | it to you on level 2 of the Elven Halls)
 28350 | Elf:2    | Received a gift from Okawaru
 28513 | Elf:2    | Found Touki's Antique Armour Shoppe.
 28516 | Elf:2    | Reached skill level 10 in Armour
 29257 | Elf:2    | Found a runed translucent gate.
 29257 | Elf:2    | Found a runed translucent gate.
 29261 | Elf:2    | Found a runed translucent gate.
 29360 | Elf:2    | Noticed a deep elf blademaster
 29368 | Elf:2    | Killed a deep elf blademaster
 29395 | Elf:2    | Reached skill level 14 in Dodging
 29932 | Elf:2    | Received a gift from Okawaru
 30084 | Elf:2    | Reached XP level 17. HP: 103/128 MP: 24/24
 30226 | Elf:2    | Received a gift from Okawaru
 30586 | Elf:2    | Received a gift from Okawaru
 30913 | Elf:3    | Entered Level 3 of the Elven Halls
 30929 | Elf:3    | Identified the +0 kite shield of the Spheres {Rampage MP+9}
 30994 | Elf:3    | Received a gift from Okawaru
 31565 | Elf:3    | Identified the +2 glaive of Guqylos {venom, Int+7} (Okawaru
                  | gifted it to you on level 3 of the Elven Halls)
 31565 | Elf:3    | Received a gift from Okawaru
 31761 | Elf:3    | Identified the +3 leather armour "Naoppiz" {rF++ MP+9 Int-2
                  | Slay+2}
 31779 | Elf:3    | Noticed an Executioner
 31780 | Elf:3    | Identified the +6 quarterstaff of Lust {vorpal, rPois rC+
                  | Will+ Dex+4}
 31780 | Elf:3    | Identified the ring "Todweili" {rElec rC+ rCorr Slay-3}
 32156 | Elf:3    | Reached skill level 15 in Dodging
 32217 | Elf:3    | Noticed an Ice Fiend
 32274 | Elf:3    | Received a gift from Okawaru
 32279 | Elf:3    | Noticed a deep elf master archer
 32281 | Elf:3    | Noticed a Hell Sentinel
 32296 | Elf:3    | Killed a deep elf master archer
 32297 | Elf:3    | Reached skill level 10 in Necromancy
 32349 | Elf:3    | Noticed a deep elf master archer
 32352 | Elf:3    | Killed a deep elf master archer
 32406 | Elf:3    | Identified the +1 shortbow of the Eternal Warrior {venom,
                  | Dex+3}
 32409 | Elf:3    | Noticed a deep elf master archer
 32413 | Elf:3    | Killed a deep elf master archer
 32414 | Elf:3    | Reached XP level 18. HP: 97/134 MP: 25/25
 32515 | Elf:3    | Identified the +7 spear "Zaekk" {elec, *Noise rN+++ MP-9
                  | Stlth+}
 32627 | Elf:3    | Identified the +8 hand crossbow of Xucurhy {speed, +Blink
                  | rN+ Str+2}
 32645 | Elf:3    | Identified Weumiat's Incunabulum of the Supportive
                  | Mountains
 32703 | Elf:3    | Identified the +6 hunting sling of Fragile Peace {speed,
                  | rPois rC- Str-5 Dex+6}
 32706 | Elf:3    | Identified the Compendium of Transmutation and the Birds
 32842 | Elf:3    | Identified the +1 robe of the Camelopard {-Cast rElec rC+
                  | Will++}
 33054 | Elf:3    | Received a gift from Okawaru
 33598 | Swamp:1  | Entered Level 1 of the Swamp
 33625 | Swamp:1  | Noticed Louise
 33632 | Swamp:1  | Killed Louise
 34399 | Swamp:2  | Identified the +7 war axe of Overwhelming Force {chaos,
                  | +Inv rC- rN+ Will+}
 34473 | Swamp:2  | Reached skill level 16 in Dodging
 34625 | Swamp:2  | Received a gift from Okawaru
 34626 | Swamp:2  | Reached skill level 5 in Shields
 34924 | Swamp:3  | Received a gift from Okawaru
 35147 | Swamp:3  | Received a gift from Okawaru
 35516 | Swamp:4  | Entered Level 4 of the Swamp
 36174 | Swamp:4  | Reached XP level 19. HP: 140/140 MP: 26/26
 36293 | Swamp:4  | Noticed a bone dragon
 36325 | Swamp:4  | Killed a bone dragon
 36466 | Swamp:4  | Got a decaying rune of Zot
 36582 | Snake:1  | Entered Level 1 of the Snake Pit
 36710 | Snake:1  | Received a gift from Okawaru
 36767 | Snake:1  | Noticed Kirke
 36772 | Snake:1  | Killed Kirke
 36777 | Snake:1  | Found Xaqockoant's Antique Weapon Emporium.
 36993 | Snake:1  | Found Godecauc's Jewellery Shoppe.
 36994 | Snake:1  | Found Etot Geah's Book Shop.
 36996 | Snake:1  | Found Mecri's Jewellery Shoppe.
 36998 | Snake:1  | Noticed Aizul
 37009 | Snake:1  | Killed Aizul
 37015 | Snake:1  | Bought a manual of Fighting for 1324 gold pieces
 37073 | Snake:1  | Noticed Roxanne
 37097 | Snake:1  | Killed Roxanne
 37503 | Snake:2  | Found Vept's Armour Emporium.
 38052 | Snake:2  | Received a gift from Okawaru
 38335 | Snake:3  | Reached skill level 10 in Shields
 38383 | Snake:3  | Received a gift from Okawaru
 38600 | Snake:3  | Received a gift from Okawaru
 38761 | Snake:3  | Reached XP level 20. HP: 144/159 MP: 27/27
 39120 | Snake:3  | Received a gift from Okawaru
 39530 | Snake:3  | Found Keeteh's Book Boutique.
 39802 | Snake:4  | Entered Level 4 of the Snake Pit
 39821 | Snake:4  | Received a gift from Okawaru
 39882 | Snake:4  | Reached skill level 15 in Fighting
 39886 | Snake:4  | Received a gift from Okawaru
 39980 | Snake:4  | Noticed Vashnia
 39998 | Snake:4  | Killed Vashnia
 40793 | Snake:4  | Got a serpentine rune of Zot
 41525 | D:14     | Found a shimmering blue altar of Sif Muna.
 41659 | D:15     | Entered Level 15 of the Dungeon
 41743 | D:15     | Found a frozen archway.
 41763 | IceCv    | Entered an ice cave
 41775 | IceCv    | Learned a level 5 spell: Agony
 41780 | IceCv    | Learned a level 4 spell: Animate Dead
 42081 | IceCv    | Received a gift from Okawaru
 42759 | IceCv    | Identified the Almanac of Ice
 42761 | IceCv    | Identified the +6 war axe "Geurix" {speed, rPois rF+ rN++
                  | Dex-5}
 42998 | D:15     | Identified the +10 hand crossbow of the Beast {vorpal,
                  | Str+2} (Okawaru gifted it to you on level 15 of the
                  | Dungeon)
 42998 | D:15     | Received a gift from Okawaru
 43723 | D:15     | Reached XP level 21. HP: 175/175 MP: 28/28
 43951 | D:15     | Found a staircase to the Depths.
 44086 | Vaults:1 | Entered Level 1 of the Vaults
 44548 | Vaults:1 | Received a gift from Okawaru
 45362 | Vaults:1 | Received a gift from Okawaru
 45652 | Vaults:1 | Reached skill level 15 in Shields
 45670 | Vaults:1 | Received a gift from Okawaru
 46254 | Vaults:2 | Received a gift from Okawaru
 46331 | Vaults:2 | Received a gift from Okawaru
 46739 | Vaults:2 | Identified the +1 ring mail of Indecent Exposure {Harm
                  | rPois Int+9 Dex-3}
 47461 | Vaults:2 | Found a staircase to the Crypt.
 47461 | Vaults:2 | Found an ancient bone altar of Kikubaaqudgha.
 47462 | Vaults:2 | Found a basalt altar of Yredelemnul.
 47514 | Vaults:2 | Reached XP level 22. HP: 177/186 MP: 29/29
 47909 | Vaults:2 | Identified the +2 robe of the Gate {+Fly rElec Int-2 Dex+4}
                  | (Okawaru gifted it to you on level 2 of the Vaults)
 47909 | Vaults:2 | Received a gift from Okawaru
 49511 | Vaults:3 | Received a gift from Okawaru
 50252 | Vaults:3 | Learned a level 4 spell: Animate Armour
 50737 | Vaults:4 | Reached XP level 23. HP: 187/196 MP: 30/30
 50772 | Vaults:4 | Cast into level 3 of the Abyss (vault warden)
 50948 | Vaults:4 | Escaped the Abyss
 51417 | Vaults:4 | Identified the +5 scale mail "Tulill" {Rampage Stlth+}
 51444 | Vaults:4 | Identified the +2 hand crossbow of Currency {venom, rF+
                  | Int+4 Dex+3}
 51670 | Vaults:4 | Received a gift from Okawaru
 52494 | Vaults:4 | Found Betz's Assorted Antiques.
 52507 | Vaults:4 | Received a gift from Okawaru
 52584 | Vaults:4 | Reached skill level 15 in Necromancy
 52698 | Vaults:4 | Noticed Frederick
 52706 | Vaults:4 | Killed Frederick
 52810 | Vaults:5 | Entered Level 5 of the Vaults
 52838 | Vaults:5 | Received a gift from Okawaru
 53560 | Vaults:5 | Identified the +7 chain mail "Waixel" {rPois rC+ rN+}
 53738 | Vaults:5 | Reached XP level 24. HP: 173/204 MP: 26/31
 53752 | Vaults:5 | Received a gift from Okawaru
 54680 | Vaults:5 | Identified the +10 morningstar "Bantes" {freeze, +Fly Str+3
                  | Int+3 Dex-2}
 55146 | Vaults:5 | Noticed a dread lich
 55165 | Vaults:5 | Killed a dread lich
 55286 | Vaults:5 | Reached skill level 15 in Armour
 55425 | Vaults:5 | Received a gift from Okawaru
 55748 | Vaults:5 | Got a silver rune of Zot
 56401 | Vaults:5 | Identified the +10 war axe of Slime {vorpal, *Noise +Blink
                  | +Rage Str+2}
 56758 | Vaults:5 | Received a gift from Okawaru
 57170 | Snake:1  | Bought the amulet "Xoejomm" {Faith rF+ rC++ rN+} for 1286
                  | gold pieces
 57301 | Slime:1  | Entered Level 1 of the Pits of Slime
 57311 | Slime:1  | Received a gift from Okawaru
 57531 | Slime:1  | Received a gift from Okawaru
 57639 | Slime:1  | Reached XP level 25. HP: 203/205 MP: 33/33
 57788 | Slime:1  | Identified the +1 robe "Arugh" {*Drain rF+ Will+} (Okawaru
                  | gifted it to you on level 1 of the Pits of Slime)
 57788 | Slime:1  | Received a gift from Okawaru
 59692 | Slime:2  | You are sucked into a shaft and drop 1 floor!
 60662 | Slime:5  | Entered Level 5 of the Pits of Slime
 60695 | Slime:5  | Received a gift from Okawaru
 60792 | Slime:5  | Gained mutation: You are frail. (-10% HP) [a shining eye]
 60801 | Slime:5  | Lost mutation: You are frail. (-10% HP) [potion of
                  | mutation]
 60801 | Slime:5  | Lost mutation: You are clumsy. (Dex -2) [potion of
                  | mutation]
 60801 | Slime:5  | Gained mutation: You tend to lose your temper in combat.
                  | [potion of mutation]
 60801 | Slime:5  | Gained mutation: You expend magic power (3 MP) to
                  | strengthen your wands. [potion of mutation]
 60801 | Slime:5  | Gained mutation: You are agile. (Dex +2) [potion of
                  | mutation]
 61049 | Slime:5  | Found a viscous altar of Jiyva.
 61050 | Slime:5  | Noticed the Royal Jelly
 61057 | Slime:5  | Found the ring of the Mage {Wiz Will++ Int+3}
 61076 | Slime:5  | Killed the Royal Jelly
 61077 | Slime:5  | Reached skill level 15 in Invocations
 61190 | Slime:5  | Identified the +1 whip of Sulphur {antimagic, Int+4}
 61203 | Slime:5  | Identified the +8 shortbow "Jerrall" {flame, Stlth+}
 61218 | Slime:5  | Identified the ring of Suleas {+Fly rF++}
 61246 | Slime:5  | Identified the amulet of Duclupn {Reflect rF+ rC++ Dex+5
                  | SH+5}
 61248 | Slime:5  | Got a slimy rune of Zot
 61767 | Depths:1 | Entered Level 1 of the Depths
 61767 | Depths:1 | Found a one-way gate to the infinite horrors of the Abyss.
 61788 | Depths:1 | Found a flickering gateway to a bazaar.
 61798 | Bazaar   | Entered a bazaar
 61835 | Bazaar   | Found Emofaim's Magic Scroll Emporium.
 61855 | Bazaar   | Found Niwak's Distillery.
 61887 | Bazaar   | Found Dogaci's Distillery.
 61898 | Bazaar   | Found Rejy's Magic Scroll Emporium.
 61906 | Bazaar   | Bought a scroll of blinking for 105 gold pieces
 61906 | Bazaar   | Bought a scroll of blinking for 105 gold pieces
 61906 | Bazaar   | Bought a scroll of teleportation for 42 gold pieces
 61906 | Bazaar   | Bought a scroll of teleportation for 42 gold pieces
 61906 | Bazaar   | Bought a scroll of acquirement for 728 gold pieces
 61926 | Bazaar   | Bought a scroll of blinking for 105 gold pieces
 61926 | Bazaar   | Bought a scroll of teleportation for 42 gold pieces
 61926 | Bazaar   | Bought a scroll of enchant armour for 105 gold pieces
 61942 | Bazaar   | Bought a potion of heal wounds for 70 gold pieces
 61942 | Bazaar   | Bought a potion of might for 56 gold pieces
 61942 | Bazaar   | Bought a potion of curing for 42 gold pieces
 61942 | Bazaar   | Bought a potion of curing for 42 gold pieces
 61942 | Bazaar   | Bought a potion of might for 56 gold pieces
 61942 | Bazaar   | Bought a potion of heal wounds for 70 gold pieces
 61970 | Bazaar   | Bought a potion of haste for 110 gold pieces
 61970 | Bazaar   | Acquired a manual of Shields
 62079 | Depths:1 | Found a gateway to Hell.
 62158 | Depths:1 | Identified the +0 hat of Peywirch {+Blink Str+2}
 62167 | Depths:1 | Found a radiant altar of Vehumet.
 62182 | Depths:1 | Identified the +2 robe "Xaadim" {Int+4 Stlth+}
 62206 | Depths:1 | Received a gift from Okawaru
 62213 | Depths:1 | Identified the +0 hat of Osodd {rPois}
 62508 | Vaults:3 | Lost mutation: You expend magic power (3 MP) to strengthen
                  | your wands. [potion of mutation]
 62508 | Vaults:3 | Lost mutation: You are agile. (Dex +2) [potion of mutation]
 62508 | Vaults:3 | Lost mutation: Your muscles are strong. (Str +2) [potion of
                  | mutation]
 62508 | Vaults:3 | Gained mutation: You are weak. (Str -2) [potion of
                  | mutation]
 62508 | Vaults:3 | Gained mutation: Your system is resistant to poisons.
                  | (rPois) [potion of mutation]
 62509 | Vaults:3 | Lost mutation: You tend to lose your temper in combat.
                  | [potion of mutation]
 62509 | Vaults:3 | Lost mutation: Your system is resistant to poisons. (rPois)
                  | [potion of mutation]
 62509 | Vaults:3 | Lost mutation: You are weak. (Str -2) [potion of mutation]
 62509 | Vaults:3 | Lost mutation: You have a pair of small antennae on your
                  | head. [potion of mutation]
 62509 | Vaults:3 | Gained mutation: You are somewhat resistant to further
                  | mutation. [potion of mutation]
 62974 | Depths:1 | Received a gift from Okawaru
 62975 | Depths:1 | Reached XP level 26. HP: 213/218 MP: 34/34
 63523 | Depths:2 | Received a gift from Okawaru
 63841 | Depths:2 | Found a one-way gate leading to the halls of Pandemonium.
 64420 | Depths:2 | Found Jytyd's Assorted Antiques.
 64942 | Depths:3 | Received a gift from Okawaru
 65730 | Depths:4 | Found a gateway to a ziggurat.
 65748 | Depths:4 | Received a gift from Okawaru
 65749 | Depths:4 | Found the +3 pair of gauntlets of War {Slay+5}
 65859 | Depths:4 | Paralysed by a floating eye for 4 turns
 65896 | Depths:4 | Found Laruwao's Weapon Boutique.
 66570 | Depths:4 | Noticed a juggernaut
 66576 | Depths:4 | Reached XP level 27. HP: 208/224 MP: 28/34
 66579 | Depths:4 | Killed a juggernaut
 66580 | Depths:4 | Noticed a juggernaut
 66582 | Depths:4 | Noticed a juggernaut
 66598 | Depths:4 | Killed a juggernaut
 66603 | Depths:4 | Killed a juggernaut
 67155 | Depths:4 | Identified the +0 robe of the Pink Corner {rPois Int+4}
 67665 | Depths:5 | Entered Level 5 of the Depths
 67971 | Depths:5 | Received a gift from Okawaru
 67982 | Depths:5 | Reached skill level 17 in Dodging
 68128 | Depths:5 | Reached skill level 18 in Dodging
 68178 | Depths:5 | Noticed a juggernaut
 68197 | Depths:5 | Killed a juggernaut
 68596 | Depths:5 | Reached skill level 19 in Dodging
 69022 | Depths:5 | Reached skill level 20 in Dodging
 69026 | Depths:5 | Found a gate to the Realm of Zot.
 69625 | Hell     | Entered the Vestibule of Hell
 69625 | Hell     | Noticed Geryon
 69651 | Hell     | Killed Geryon
 69765 | Hell     | Reached skill level 21 in Dodging
 69958 | Hell     | Found a gateway to the decaying netherworld of Tartarus.
 70011 | Hell     | Identified the +7 spear of Theory {holy, +Rage rF+}
                  | (Okawaru gifted it to you in the Vestibule of Hell)
 70011 | Hell     | Received a gift from Okawaru
 70303 | Hell     | Found a gateway to the ashen valley of Gehenna.
 70499 | Hell     | Found a gateway to the Iron City of Dis.
 70560 | Hell     | Found a gateway to the freezing wastes of Cocytus.
 70770 | Coc:1    | Entered Level 1 of Cocytus
 70953 | Coc:1    | Received a gift from Okawaru
 71320 | Coc:3    | Reached skill level 22 in Dodging
 71827 | Coc:5    | Received a gift from Okawaru
 72119 | Coc:5    | Received a gift from Okawaru
 72120 | Coc:5    | Reached skill level 23 in Dodging
 72604 | Coc:7    | Entered Level 7 of Cocytus
 72708 | Coc:7    | Received a gift from Okawaru
 72780 | Coc:7    | Reached skill level 24 in Dodging
 72806 | Coc:7    | Noticed the Serpent of Hell
 72870 | Coc:7    | Killed the Serpent of Hell
 72969 | Coc:7    | HP: 11/224 [shard shrike[the effects of Hell] (8)]
 72969 | Coc:7    | Mangled by a shard shrike

Illustrated notes

Levels and vault maps discovered:
D:1:      roderic_crop_circles_arrival_small, layout_loops_ring
D:2:      layout_basic, okawaru_gym_becter, lemuel_coloured_pillars_altar,
          nzn_wu_jian_council_hall
D:3:      layout_basic, fedhas_altar_4, uniq_natasha, uniq_crazy_yiuf_cottage
D:4:      layout_cave_pools, gammafunk_temple_overflow_pools,
          lemuel_temple_firewalk_b, chequers_ossuary_entry_cave,
          mrwooster_statue_mirror
D:5:      wander_river, layout_cave_pools, minitemple, dk_noncrumbling_3
D:6:      layout_basic, serial_co_window_serial, co_window_corner_a,
          co_window_cross_1, co_window_paths_a, co_window_paths_b,
          co_window_corner_a, co_window_paths_b, co_window_paths_b,
          co_window_corner_a, co_window_cross_1, co_window_broadway_c,
          co_window_paths_c, co_window_of_opportunity_b, co_window_corner_b,
          co_window_corner_b, glass_columns_a, glass_columns_c
D:7:      layout_loops_ring, uniq_duvessa
D:8:      layout_cave_pools, tgw_trog, makhleb_grotto_becter,
          grunt_lair_entry_orc_guard_hut, gammafunk_ghost_spectres
D:9:      layout_gridville, kennysheep_orc_monster_closet_entryway
D:10:     layout_irregular_city, nicolae_underground_beach
D:11:     layout_irregular_city
D:12:     layout_basic
D:13:     lemuel_bear_cage, layout_stronghold,
          hangedman_vaults_entry_quadrant_bands, basic_altar,
          minmay_checkered_concentric_circles, uniq_azrael
D:14:     layout_cave_pools, lemuel_blue_sif_altar, nrook_mini_backslash
D:15:     gammafunk_enter_depths_forms, layout_basic,
          portal_ice_cave_entry_pillars_1
Temple:   oiseaux_autumnal_temple
Lair:1:   layout_misc_corridors, pond, grunt_megastairs_2
Lair:2:   layout_cave_pods, minmay_snake_entry_six_corridors
Lair:3:   layout_layer_cave, swamp_mist_pool, grunt_megastairs_4,
          infiniplex_staircase_pool_2
Lair:4:   layout_loops_ring, basic_altar, st_stairs_8, grunt_megastairs_5,
          serial_bayou_shore_a, uniq_rupert
Lair:5:   layout_hall_layers, slime_altar_1, grunt_megastairs_1, uniq_urug
Lair:6:   cheibrodos_lair_end_hotspot, layout_loops_ring, st_stairs_6,
          minmay_lair_oklob_chamber, lemuel_fruit_tree
Swamp:1:  layout_basic_swamp, hangedman_swamp_ruin_hall, uniq_louise
Swamp:2:  layout_basic_swamp, hangedman_swamp_diagram, swamp_pool1
Swamp:3:  layout_basic_swamp, evilmike_swamp_ruin_house_5
Swamp:4:  swamp_pestilence, layout_basic_swamp, swamp_pool1
Snake:1:  layout_rooms, serial_shops, nicolae_shop_statue_plus,
          hangedman_snake_pattern, minmay_shop_grove, uniq_aizul, uniq_kirke,
          uniq_roxanne
Snake:2:  layout_misc_corridors, minmay_shop_grid_forest
Snake:3:  layout_basic, grunt_ministairs_1, minmay_shop_star
Snake:4:  minmay_snake_end_coiled, layout_rooms, st_stairs_6,
          grunt_ministairs_4, uniq_vashnia
Slime:1:  layout_caves, nicolae_slime_barrier
Slime:2:  layout_caves
Slime:3:  layout_caves
Slime:4:  layout_caves
Slime:5
Orc:1:    layout_caves, statue_in_the_mist_lemuel, uniq_jorgrun
Orc:2:    grunt_orc_cross, layout_caves, ebering_ghost_disaster_area
Elf:1:    eino_elf_arrival_altar, layout_gridlike, serial_shops,
          nicolae_shop_trees, minmay_elf_crystal_hexagon
Elf:2:    layout_geoelf_octagon, serial_shops, shop, lemuel_elevator
Elf:3:    minmay_elf_hall_not_hex, layout_geoelf_castle
Vaults:1: vaults_room_grunt_arrival_ludios, nicolae_vaults_mini_display_case,
          grunt_vaults_funnel, vaults_room_large_hall, v_pattern_4, v_misc_9,
          vaults_room_pools, v_rooms_1, ontoclasm_vaults_ligature, v_misc_24,
          nicolae_vaults_angled_halls, vaults_mumra_chevron_long,
          layout_vaults_maze_bifur
Vaults:2: v_misc_23, nicolae_vaults_murderbox, v_alt_pattern_4,
          hangedman_vaults_trim, vaults_room_grunt_arrival_checkpoint,
          dpeg_vaults_monster_box, nicolae_vaults_theta, vaults_room_pools,
          layout_vaults_quadrants, minmay_crypt_entry_necro_gods
Vaults:3: v_misc_29, v_misc_15, v_misc_28, nicolae_vaults_circle_grid_a,
          v_misc_26, hangedman_vaults_locks, nicolae_vaults_theta,
          nicolae_vaults_little_squares_6, nicolae_vaults_theta,
          hangedman_vaults_variations, nicolae_vaults_little_squares_6,
          grunt_vaults_focal, hangedman_vaults_stretched_pinwheel,
          layout_vaults_ring
Vaults:4: dpeg_vaults_monster_row, vaults_room_hallway, hangedman_vaults_cutoff,
          vaults_room_stairs_pillars, nicolae_vaults_asterisk,
          nicolae_vaults_border_crossing, nicolae_vaults_little_squares_5,
          st_hourglassy, ontoclasm_vaults_fault, hangedman_vaults_corner,
          nicolae_vaults_specimen_jars, ontoclasm_vaults_eye,
          nicolae_vaults_little_squares_5, ontoclasm_vaults_decontamination,
          layout_vaults_omnicross, serial_shops, shop, uniq_frederick
Vaults:5
Depths:1: layout_cave_shapes, abyss_entry, pf_coc_iceberg, serial_shops,
          freezing_bzr, fountainhead, st_stairs_9,
          hangedman_decor_diamond_cutter, grunt_tower_of_power
Depths:2: minmay_glassy_protrusions, layout_basic, rand_demon_pan_entry_3,
          serial_bayou_lagoon_a, serial_shops, nicolae_shop_overgrown_old_shop,
          hell_entry
Depths:3: impenetrable_vault, layout_gridville, hell_entry, pan_entry,
          kennysheep_big_empty_room, serial_sigils_hangedman_snap,
          infiniplex_staircase_pillars_3a
Depths:4: gammafunk_depths_water_palace, layout_gridville, enter_ziggurat_e,
          abyss_entry, minivault_14, hell_entry, serial_shops,
          nicolae_shop_trees, infiniplex_staircase_zigzag_1
Depths:5: grunt_x_marks_the_spot, layout_cave_pools, grunt_mini_vestibule,
          abyss_entry, rand_demon_pan_entry_5, serial_bayou_crossing
Hell
Coc:1:    layout_ice_bergs
Coc:2:    layout_ice_bergs
Coc:3:    layout_cocytus_water_paths
Coc:4:    layout_cocytus_water_paths
Coc:5:    layout_ice_bergs, lemuel_elevator
Coc:6:    layout_ice_bergs
Coc:7:    coc_dpeg

Skill      XL: |  1  2  3  4  5  6  7  8  9 10 11 12 13 14 15 16 17 18 19 20 21 22 23 24 25 26 27 |
---------------+----------------------------------------------------------------------------------+-----
Polearms       | 4 5 6 7 9 10 13 14 | 14.0
Fighting       | 4 5 6 7 8 10 14 17 18 19 20 | 20.0
Throwing       | 3 5 6 8 10 12 13 14 15 16 | 16.0
Invocations    | 4 7 9 10 11 13 15 | 15.0
Armour         | 4 5 7 8 9 10 11 12 13 14 15 | 15.0
Dodging        | 4 8 10 12 13 14 15 16 24 | 24.4
Summonings     | 5 8 |  8.2
Necromancy     | 2 5 8 10 12 13 14 15 16 17 18 20 | 20.0
Shields        | 7 10 13 15 16 19 21 23 | 23.7

Action                   |  1- 3 |  4- 6 |  7- 9 | 10-12 | 13-15 | 16-18 | 19-21 | 22-24 | 25-27 || total
-------------------------+-------+-------+-------+-------+-------+-------+-------+-------+-------++-------
Melee: Trident           |   102 |   258 |   453 |   769 |   402 |       |       |       |       ||  1984
       Demon trident     |       |       |       |       |   881 |   778 |  1272 |  1018 |  2604 ||  6553
Throw: Boomerang         |       |       |    12 |    11 |    89 |    34 |    51 |    34 |       ||   231
       Javelin           |       |       |       |       |    46 |   182 |   304 |   352 |   319 ||  1203
       Dart              |       |       |       |       |       |       |     3 |       |     1 ||     4
Invok: Heroism           |       |       |       |     1 |    10 |     6 |    19 |    11 |     7 ||    54
       Finesse           |       |       |       |       |     6 |     4 |    11 |    10 |     7 ||    38
Evoke: Wand              |       |       |       |     1 |     6 |       |       |       |       ||     7
  Use: Potion            |       |     3 |     5 |     9 |     8 |     6 |     4 |     4 |    17 ||    56
       Scroll            |       |     5 |    12 |     7 |     8 |     8 |     9 |     8 |     9 ||    66
 Stab: Sleeping          |       |       |       |     3 |       |     1 |       |       |       ||     4
       Paralysed         |       |       |       |     2 |     4 |       |       |       |       ||     6
       Distracted        |       |       |       |       |       |     1 |       |       |       ||     1
       Held in net/web   |       |       |       |       |       |       |       |     1 |       ||     1
       Fleeing           |       |       |       |       |       |       |       |     1 |       ||     1
Armor: Scale mail        |    39 |   140 |   132 |       |       |       |       |       |       ||   311
       Skin              |       |       |    47 |       |       |       |       |       |       ||    47
       Ring mail         |       |       |    17 |   220 |       |       |       |       |       ||   237
       Chain mail        |       |       |       |     6 |   421 |   232 |   290 |   203 |   419 ||  1571
Dodge: Dodged            |    24 |   112 |   120 |   317 |   532 |   237 |   369 |   243 |  1142 ||  3096
Block: Kite shield       |    44 |   143 |   183 |   316 |   634 |   301 |   650 |   678 |  1894 ||  4843
       Reflection        |       |       |       |       |     8 |    18 |    25 |    83 |    36 ||   170

Table legend: (Time is in decaauts)
 A = Elapsed time spent in this place.
 B = Non-inter-level travel time spent in this place.
 C = Inter-level travel time spent in this place.
 D = Time resting spent in this place.
 E = Time spent auto-exploring this place.
 F = Levels seen in this place.
 G = Mean time per level.
                   A        B        C        D        E       F      G
               +--------+--------+--------+--------+--------+-----+--------+
         Total |  69126 |  65081 |   4045 |   2712 |  48516 |  62 | 1114.9 |
       Dungeon |  17409 |  15876 |   1533 |    813 |  12048 |  15 | 1160.6 |
        Temple |      1 |      1 |      0 |      0 |      0 |   1 |    1.0 |
          Lair |   9292 |   8656 |    636 |     20 |   7214 |   6 | 1548.7 |
         Swamp |   2526 |   2441 |     85 |     79 |   1640 |   4 |  631.5 |
     Snake Pit |   4244 |   3952 |    292 |    116 |   2880 |   4 | 1061.0 |
    Slime Pits |   3958 |   3724 |    234 |    111 |   2773 |   5 |  791.6 |
  Orcish Mines |   1672 |   1481 |    191 |      0 |   1118 |   2 |  836.0 |
   Elven Halls |   6936 |   6649 |    287 |    892 |   4738 |   3 | 2312.0 |
        Vaults |  12198 |  11606 |    592 |    618 |   9095 |   5 | 2439.6 |
        Depths |   6649 |   6456 |    193 |      0 |   5085 |   5 | 1329.8 |
          Hell |    994 |    994 |      0 |      0 |    750 |   1 |  994.0 |
       Cocytus |   1387 |   1387 |      0 |     62 |     77 |   7 |  198.1 |
         Abyss |    154 |    154 |      0 |      0 |     63 |   1 |  154.0 |
        Bazaar |    183 |    183 |      0 |      0 |    100 |   1 |  183.0 |
       Ossuary |    538 |    538 |      0 |      0 |    307 |   1 |  538.0 |
      Ice Cave |    979 |    979 |      0 |      0 |    623 |   1 |  979.0 |
               +--------+--------+--------+--------+--------+-----+--------+

Top non-repeatable levels by time:
Vaults:5: 3193 daAuts
Vaults:4: 2716 daAuts
   Elf:2: 2643 daAuts
   Elf:3: 2444 daAuts
  Lair:2: 2331 daAuts
Vaults:3: 2203 daAuts
Vaults:1: 2162 daAuts
  Lair:6: 1927 daAuts
Vaults:2: 1922 daAuts
    D:13: 1888 daAuts
     D:3: 1871 daAuts
   Elf:1: 1849 daAuts
  Lair:3: 1833 daAuts
Depths:5: 1822 daAuts
Depths:4: 1779 daAuts
